 Dungeon Crawl Stone Soup version 0.30.0 (webtiles) character file.

Game seed: 13514909879261055073

33 Dani the Chopper (level 3, 29/29 HPs)
             Began as a Demonspawn Fighter on May 20, 2023.
             Was a High Priest of Ignis.
             Quit the game on level 2 of the Dungeon.
             The game lasted 00:00:55 (433 turns).

Dani the Chopper (Demonspawn Fighter)                Turns: 433, Time: 00:00:55

Health: 29/29      AC:  6    Str: 16    XL:     3   Next: 12%
Magic:  3/3        EV:  8    Int: 11    God:    Ignis [*****.]
Gold:   33         SH:  4    Dex: 12    Spells: 2/2 levels left

rFire   + . .        a - +0 war axe
rCold   . . .        e - +0 buckler
rNeg    . . .        b - +0 scale mail
rPois   .            (no helmet)
rElec   .            (no cloak)
rCorr   .            (no gloves)
SInv    .            (no boots)
Will    .....        (no amulet) Stlth
                     (no ring)
HPRegen 0.24/turn    (no ring)
MPRegen 0.08/turn

%: no passive effects
@: no status effects
A: powered by pain 1
a: Renounce Religion, Fiery Armour, Foxfire Swarm, Rising Flame


You were on level 2 of the Dungeon.
You worshipped Ignis.
Ignis was extremely pleased with you.
You visited 1 branch of the dungeon, and saw 2 of its levels.

You collected 33 gold pieces.

Inventory:

Hand Weapons
 a - a +0 war axe (weapon)
Armour
 b - a +0 scale mail (worn)
 e - a +0 buckler (worn)
Jewellery
 c - a ring of protection from cold
   (You found it on level 1 of the Dungeon)
Potions
 d - a potion of might


   Skills:
 - Level 3.0 Fighting
 + Level 3.3 Axes
 - Level 2.6 Armour
 - Level 2.6 Shields


You had 2 spell levels left.
You didn't know any spells.
Your spell library was empty.

Dungeon Overview and Level Annotations

Branches:
Dungeon (2/15)

Altars:
Ignis


Innate Abilities, Weirdness & Mutations

You sometimes gain a little power by taking damage.


Message History

The jackal barks!
You hear a shout!
A jackal comes into view.
The frilled lizard completely misses you.
A hobgoblin comes into view.
There are monsters nearby!
You hit the bat.
You kill the bat!
You completely miss the frilled lizard. The frilled lizard closely misses you.
There are monsters nearby!
You barely miss the frilled lizard. The frilled lizard barely misses you.
The jackal bites you but does no damage.
The frilled lizard barely misses you.
You hit the jackal but do no damage. You barely miss the frilled lizard.
You closely miss the jackal. The jackal closely misses you.
The jackal bites you but does no damage.
The frilled lizard bites you but does no damage.
The jackal bites you but does no damage.
The jackal barely misses you.
There are monsters nearby!
There are monsters nearby!
You barely miss the jackal. You miss the frilled lizard.
You barely miss the jackal.
The jackal bites you but does no damage. x2
The frilled lizard bites you but does no damage.
You block the jackal's attack. The jackal bites you.
You slash the jackal!
You kill the jackal!
You hit the frilled lizard.
You kill the frilled lizard!
You hit the jackal but do no damage. The jackal bites you. x2
You block the jackal's attack.
There are monsters nearby!
You closely miss the jackal. You slash the jackal!
You kill the jackal!
The jackal barely misses you. The jackal closely misses you.
You have reached level 3!
Your experience leads to an increase in your attributes!
Increase (S)trength, (I)ntelligence, or (D)exterity?
You feel clever. x2
You hit the jackal.
You kill the jackal!
You barely miss the hobgoblin. The hobgoblin closely misses you.
The hobgoblin hits you but does no damage.
A hobgoblin is nearby!
You slash the hobgoblin!
You kill the hobgoblin!
Things that are here:
a hobgoblin corpse; a bat corpse Key pressed, stopping explore.
No target in view!
A bat comes into view.
A bat is nearby!
You slash the bat!
You kill the bat!
Things that are here:
a hobgoblin corpse; a bat corpse
There is a stone staircase leading down here.
You climb downwards.
There is a stone staircase leading up here.
As you read the scroll labelled YZIMUIDDIU, it crumbles to dust.
Your body is wracked with pain!
* * * LOW HITPOINT WARNING * * *
You focus on the pain.
You feel agile all of a sudden.
It was a scroll of torment.
You feel a little less agile now.
HP restored.
Key pressed, stopping explore.
Key pressed, stopping explore.
Found a faded altar of an unknown god.
A worm comes into view.
A worm is nearby!
A worm is nearby!
A worm is nearby!
You enter the shallow water.
Moving in this stuff is going to be slow.
No reachable target in view!
No reachable target in view!
No reachable target in view!
You enter the shallow water.
Moving in this stuff is going to be slow.
A ball python comes into view.
Your unstable footing causes you to fumble your attack.
The ball python barely misses you. The ball python grabs you.
The ball python constricts you. You block the ball python's attack.
The ball python constricts you.
You escape the ball python's grasp.
The ball python bites you but does no damage.
The ball python grabs you. The ball python constricts you.
You slash the ball python!
You kill the ball python!
You see here a ball python corpse.
No reachable target in view!
There is a faded altar of an unknown god here.
This altar belongs to (a) Ignis, (b) Ashenzari or (c) Qazlal, but you can't tell which.
Press the corresponding letter to learn more about a god, or press enter to convert or escape to cancel.
Ignis accepts your prayer! Ignis welcomes you!
Are you sure you want to abandon this character and quit the game? (Confirm with "yes".)

................#
................####
......~....~..~...#
.......~.~....~≈~~.#
#... #..~≈~~w≈~≈≈~.~# ##
..# ##~~≈≈≈≈≈≈≈~~..#
##..#.# #...~≈~≈~≈≈~≈..#
.#.##.###.~~~~~..~~≈≈~.#
...##.....~.~~~†@.~≈~..#
....#.....~.~≈≈.♣~~≈~~.#
....#......~≈~~~~~≈≈~~.#
............~≈≈≈≈≈≈≈≈..#
............~≈≈≈≈~≈≈~~.#
............~.≈≈~~.≈~.~#
.............~~.~.....~#
.......###.........#####
.......# ###########


You could see a worm.

Vanquished Creatures
  A dart slug (D:1)
  4 endoplasms (D:1)
  A giant cockroach (D:1)
  2 hobgoblins (D:1)
  10 jackals (D:1)
  2 ball pythons
  3 bats (D:1)
  2 frilled lizards (D:1)
  A kobold (D:1)
26 creatures vanquished.

Notes
Turn   | Place    | Note
-------+----------+-------------------------------------------
     0 | D:1      | Dani the Demonspawn Fighter began the quest for the Orb.
     0 | D:1      | Reached XP level 1. HP: 18/18 MP: 1/1
    17 | D:1      | Reached skill level 2 in Axes
    72 | D:1      | Gained mutation: You sometimes gain a little power by
                  | taking damage. [demonic ancestry]
    72 | D:1      | Reached XP level 2. HP: 19/24 MP: 2/2
   250 | D:1      | Reached skill level 3 in Axes
   297 | D:1      | Reached XP level 3. HP: 24/29 MP: 3/3
   412 | D:2      | Found a faded altar of an unknown god.
   432 | D:2      | Prayed at the altar of an unknown god.
   432 | D:2      | Became a worshipper of Ignis, the Dying Flame
   433 | D:2      | Quit the game

Illustrated notes

Levels and vault maps discovered:
D:1:      lightli_arrival_boilingwater, layout_basic
D:2:      layout_rooms, chequers_ecumenical_altar_island, basic_altar,
          nicolae_hexahallways

Skill      XL: |  1  2 |
---------------+-------+-----
Axes           | 2 3 |  3.3
Fighting       | |  3.0
Armour         | |  2.6
Shields        | |  2.6

Action                     || total
---------------------------++-------
  Melee: War axe           ||    57
    Use: Scroll            ||     3
 Armour: Scale mail        ||    53
  Dodge: Dodged            ||    36
  Block: Buckler           ||    15

Levels and vault maps discovered:
D:1:      lightli_arrival_boilingwater, layout_basic
D:2:      layout_rooms, chequers_ecumenical_altar_island, basic_altar,
          nicolae_hexahallways

Table legend: (Time is in decaauts)
 A = Elapsed time spent in this place.
 B = Non-inter-level travel time spent in this place.
 C = Inter-level travel time spent in this place.
 D = Time resting spent in this place.
 E = Time spent auto-exploring this place.
 F = Levels seen in this place.
 G = Mean time per level.
                   A        B        C        D        E       F      G
               +--------+--------+--------+--------+--------+-----+--------+
         Total |    460 |    447 |     13 |      0 |    309 |   2 |  230.0 |
       Dungeon |    460 |    447 |     13 |      0 |    309 |   2 |  230.0 |
               +--------+--------+--------+--------+--------+-----+--------+

Top non-repeatable levels by time:
     D:1: 363 daAuts
     D:2: 97 daAuts

Table legend:
 A = Kills in this place as a percentage of kills in the entire game.
 B = Kills by you in this place as a percentage of kills by you in the entire game.
 C = Kills by friends in this place as a percentage of kills by friends in the entire game.
 D = Other kills in this place as a percentage of other kills in the entire game.
 E = Experience gained in this place as a percentage of experience gained in the entire game.
 F = Experience gained in this place divided by the number of levels of this place that you have seen.
                   A       B       C       D       E      F
               +-------+-------+-------+-------+-------+----------------------
         Total | 100.0 | 100.0 |   N/A |   N/A | 100.0 |  24.0
       Dungeon | 100.0 | 100.0 |   N/A |   N/A | 100.0 |  24.0
               +-------+-------+-------+-------+-------+----------------------
